 Dungeon Crawl Stone Soup version 0.30-a0-743-gbfdf073431 (webtiles) character file.

Game seed: 14323182270361174478

345 Newt the Trooper (level 6, -1/52 HPs)
             Began as a Demonspawn Gladiator on Feb 5, 2023.
             Killed by nerve-wracking pain
             ... invoked by an orc priest
              (8 damage)
             ... on level 3 of the Dungeon.
             The game lasted 00:04:19 (3393 turns).

Newt the Trooper (Demonspawn Gladiator)             Turns: 3393, Time: 00:04:20

Health: -1/52      AC: 13    Str: 14 (16) XL:     6   Next: 32%
Magic:  6/6        EV: 12    Int:  7 (9)  God:
Gold:   155        SH:  0    Dex: 13 (15) Spells: 5/5 levels left

rFire   . . .      SeeInvis .    h - +0 quick blade (protect)
rCold   . . .      Faith    .    (no shield)
rNeg    . . .      Spirit   .    b - +0 leather armour
rPois   .          Reflect  .    c - +0 helmet
rElec   .          Harm     .    (no cloak)
rCorr   .          Rampage  .    (no gloves)
Will    .....      Clarity  +    (no boots)
Stlth   ++                       (no amulet)
HPRegen 0.28/turn                (no ring)
MPRegen 0.10/turn                (no ring)

@: lethally poisoned (-1 -> -19), under a protective aura, invisible
A: icy blue scales 1, powered by death 1, demonic magic 2, clarity
a: no special abilities


You were on level 3 of the Dungeon.
You visited 1 branch of the dungeon, and saw 3 of its levels.

You collected 155 gold pieces.

Inventory:

Hand Weapons
 a - a +0 rapier
 f - a +1 vampiric dagger
 h - a +0 quick blade of protection (weapon)
 i - a +2 dagger of venom
Missiles
 e - a javelin (quivered)
 g - a throwing net
 o - 5 poisoned darts
Armour
 b - a +0 leather armour (worn)
 c - a +0 helmet (worn)
Scrolls
 m - a scroll of blinking
 p - a scroll of identify {unknown}
Potions
 d - a potion of heal wounds {unknown}
 j - 2 potions of mutation
 k - a potion of haste


   Skills:
 - Level 6.0 Fighting
 - Level 2.6 Short Blades
 - Level 1.7 Throwing
 + Level 3.5 Dodging
 - Level 1.5 Stealth


You had 5 spell levels left.
You didn't know any spells.
Your spell library contained the following spells:

 Spells                   Type           Power      Damage    Failure   Level
 Summon Forest            Summ/Tloc      0%         N/A       100%        5
 Eringya's Noxious Bog    Tmut/Pois      0%         N/A       100%        6
 Summon Hydra             Summ           0%         N/A       100%        7


Dungeon Overview and Level Annotations

Branches:
Dungeon (3/15)

Altars:


Innate Abilities, Weirdness & Mutations

You are partially covered in icy blue scales. (AC +2)
You regenerate a little health from kills.
Spells you cast may paralyse nearby enemies.
You possess an exceptional clarity of mind.


Message History

You feel sick.
You hit the orc priest.
The orc priest is heavily wounded.
You feel sick. The orc hits you but does no damage.
You are more poisoned.
The orc priest hits you but does no damage.
You completely miss the orc priest.
The orc priest is heavily wounded.
You feel sick.
You feel very sick.
The orc priest casts a cantrip, but nothing happens.
You hit the orc.
The orc is lightly wounded.
You feel sick.
You hit the orc priest.
The orc priest is severely wounded.
You feel sick.
The orc hits you with a +2 hand axe of venom!
* * * LOW HITPOINT WARNING * * *
You are lethally poisoned!
The orc priest hits you but does no damage.
You hit the orc priest but do no damage.
The orc priest is severely wounded.
* * * LOW HITPOINT WARNING * * *
You feel sick.
It was a potion of invisibility.
You fade into invisibility!
* * * LOW HITPOINT WARNING * * *
You feel very sick. The orc barely misses you.
The orc priest closely misses you.
It was a potion of degeneration.
There was something very wrong with that liquid.
You feel weakened.
You feel dopey.
You feel clumsy.
* * * LOW HITPOINT WARNING * * *
You feel very sick. The orc hits you but does no damage.
You are more poisoned.
The orc priest invokes the aid of Beogh against you.
Pain shoots through your body!
You die...

.......########.#..
#..................
###...........#.#.#
...................
#.#...#####.#.#.#
#.#.........#.#.#
##.#..###..###.#.####
#.....# #.....(.)....
####@o# #......#.#...
#o## #......#)#...
#~~o~~##......#.# ..
#~~~.~~~#.....##.# ..
#~~~!~~~#...####.# .
+...#...+...# #.# #
#~~~ ~~~#...# #.#
#~~~ ~~~#...####.#
##~~ ~~##.#...##.#


You could see 2 orc priests and an orc (unable to see you).

Vanquished Creatures
  Grinder (D:3)
  4 gnolls (D:2)
  2 adders (D:2)
  6 worms
  2 dart slugs (D:1)
  6 endoplasms
  4 giant cockroaches
  5 goblins
  4 hobgoblins
  4 jackals (D:1)
  2 quokkas
  5 ball pythons
  3 bats
  5 frilled lizards
  12 kobolds
  7 rats
72 creatures vanquished.

Notes
Turn   | Place    | Note
-------+----------+-------------------------------------------
     0 | D:1      | Newt the Demonspawn Gladiator began the quest for the Orb.
     0 | D:1      | Reached XP level 1. HP: 16/16 MP: 1/1
    53 | D:1      | Reached skill level 1 in Stealth
   279 | D:1      | Gained mutation: Spells you cast may paralyse adjacent
                  | enemies. [demonic ancestry]
   279 | D:1      | Reached XP level 2. HP: 6/22 MP: 2/2
   643 | D:1      | Reached skill level 3 in Fighting
   649 | D:1      | Gained mutation: You regenerate a little health from kills.
                  | [demonic ancestry]
   649 | D:1      | Reached XP level 3. HP: 27/29 MP: 3/3
   967 | D:2      | Identified a scroll of acquirement
   967 | D:2      | Acquired a +0 quick blade of protection
  1121 | D:2      | Reached skill level 4 in Fighting
  1121 | D:2      | Reached XP level 4. HP: 11/37 MP: 4/4
  2939 | D:3      | Gained mutation: Spells you cast may paralyse nearby
                  | enemies. [demonic ancestry]
  2939 | D:3      | Reached XP level 5. HP: 43/43 MP: 5/5
  3012 | D:3      | Reached skill level 5 in Fighting
  3133 | D:3      | Noticed Grinder
  3177 | D:3      | Paralysed by Grinder for 4 turns
  3187 | D:3      | Gained mutation: Armour fits poorly on your strangely
                  | shaped body. [potion of mutation]
  3187 | D:3      | Gained mutation: You possess an exceptional clarity of
                  | mind. [potion of mutation]
  3187 | D:3      | Lost mutation: Armour fits poorly on your strangely shaped
                  | body. [potion of mutation]
  3187 | D:3      | Paralysed by Grinder for 4 turns
  3196 | D:3      | Killed Grinder
  3197 | D:3      | Reached skill level 6 in Fighting
  3197 | D:3      | Gained mutation: You are partially covered in icy blue
                  | scales. (AC +2) [demonic ancestry]
  3197 | D:3      | Reached XP level 6. HP: 12/52 MP: 6/6
  3393 | D:3      | Killed from afar by an orc priest

Illustrated notes

Levels and vault maps discovered:
D:1:      onia_arrival_pyramid, layout_loops_ring
D:2:      layout_basic
D:3:      layout_basic, kennysheep_flooded_box, minmay_diced_spiral,
          uniq_grinder

Skill      XL: |  1  2  3  4  5 |
---------------+----------------+-----
Stealth        | 1 |  1.5
Fighting       | 3 4 6 |  6.0
Dodging        | 3 |  3.5
Short Blades   | |  2.6
Throwing       | |  1.7

Action                     |  1- 3 |  4- 6 || total
---------------------------+-------+-------++-------
  Melee: Rapier            |    29 |       ||    29
         Punch             |     3 |     2 ||     5
         Dagger            |    77 |       ||    77
         Quick blade       |    75 |   281 ||   356
  Throw: Throwing net      |     3 |     3 ||     6
         Javelin           |     1 |       ||     1
         Dart              |       |     5 ||     5
    Use: Scroll            |     2 |     1 ||     3
         Potion            |       |     5 ||     5
   Stab: Sleeping          |     1 |     2 ||     3
         Held in net/web   |     1 |     1 ||     2
 Armour: Leather armour    |    51 |    58 ||   109
  Dodge: Dodged            |    93 |   103 ||   196

Table legend: (Time is in decaauts)
 A = Elapsed time spent in this place.
 B = Non-inter-level travel time spent in this place.
 C = Inter-level travel time spent in this place.
 D = Time resting spent in this place.
 E = Time spent auto-exploring this place.
 F = Levels seen in this place.
 G = Mean time per level.
                   A        B        C        D        E       F      G
               +--------+--------+--------+--------+--------+-----+--------+
         Total |   3217 |   3076 |    141 |    781 |   1681 |   3 | 1072.3 |
       Dungeon |   3217 |   3076 |    141 |    781 |   1681 |   3 | 1072.3 |
               +--------+--------+--------+--------+--------+-----+--------+

Top non-repeatable levels by time:
     D:2: 1811 daAuts
     D:1: 956 daAuts
     D:3: 449 daAuts
